 Dungeon Crawl Stone Soup version 0.27-a0-1324-ge0d8e04 (webtiles) character file.

Game seed: 864524890816111683

32 HDogLeCool the Poker (level 3, 0/31 HPs)
             Began as a Draconian Monk on June 22, 2021.
             Was a Priest of Wu Jian.
             Slain by Robin (3 damage)
             ... on level 2 of the Dungeon.
             The game lasted 00:02:49 (659 turns).

HDogLeCool the Poker (Draconian Monk)                Turns: 659, Time: 00:02:50

Health: 0/31       AC:  5    Str: 14    XL:     3   Next: 10%
Magic:  3/3        EV: 12    Int: 10    God:    Wu Jian [***...]
Gold:   33         SH:  0    Dex: 13    Spells: 2/2 levels left

rFire    . . .     SeeInvis .   a - +0 spear
rCold    . . .     Faith    .   (no shield)
rNeg     . . .     Spirit   .   (armour unavailable)
rPois    .         Reflect  .   (helmet restricted)
rElec    .         Harm     .   (no cloak)
rCorr    .         Rampage  .   (no gloves)
Will     .....                  (no boots)
Stlth    ++........             (no amulet)
HPRegen  0.10/turn              d - ring of flight
MPRegen  0.08/turn              (no ring)

@: flying, serpent's lash
A: AC +5, unfitting armour, cold-blooded
a: Renounce Religion, Wall Jump, Serpent's Lash


You were on level 2 of the Dungeon.
You worshipped Wu Jian.
Wu Jian was most pleased with you.
You visited 1 branch of the dungeon, and saw 2 of its levels.

You collected 33 gold pieces.

Inventory:

Hand Weapons
 a - a +0 spear (weapon)
Jewellery
 d - a ring of flight (left hand)
Scrolls
 e - a scroll of silence {unknown}
Potions
 b - 2 potions of curing {unknown}
 c - a potion of invisibility {unknown}


   Skills:
 + Level 3.6 Fighting
 * Level 3.6 Polearms
 + Level 3.0 Dodging
 - Level 2.0 Stealth


You had 2 spell levels left.
You didn't know any spells.
Your spell library contained the following spells:

 Spells                   Type           Power      Damage    Failure   Level
 Magic Dart               Conj           0%         1d3       36%         1
 Searing Ray              Conj           0%         3d3       50%         2
 Dazzling Flash           Conj/Hex       0%         N/A       75%         3
 Fulminant Prism          Conj/Hex       0%         3d6       98%         4
 Iskenderun's Mystic Bla  Conj/Tloc      0%         2d3       98%         4


Dungeon Overview and Level Annotations

Branches:
Dungeon (1/15)

Altars:
Wu Jian

Annotations:
D:2 Robin


Innate Abilities, Weirdness & Mutations

Your plain brown scales are hard. (AC +5)
You cannot fit into any form of body armour.
You are cold-blooded and may be slowed by cold attacks.


Message History

Your muscles tense, ready for explosive movement...
You closely miss the goblin.
You tail-slap the goblin, but do no damage.
The goblin is severely wounded.
The goblin barely misses you.
You hit the goblin.
You kill the goblin!
The Council accepts your kill.
Robin says, "Bow before me, strongest of all the hobgoblins!"
You hit Robin but do no damage. You tail-slap Robin.
Robin is lightly wounded.
Robin hits you with a +0 dagger.
* * * LOW HITPOINT WARNING * * *
You hit Robin.
Robin is moderately wounded.
A hobgoblin comes into view.
Robin roars a battlecry!
The hobgoblins go into a battle-frenzy!
You hear a shout! x2
You closely miss Robin.
Robin is moderately wounded.
Robin's horned helmet rattles.
Robin hits you with a +0 dagger.
* * * LOW HITPOINT WARNING * * *
You barely miss Robin.
Robin is moderately wounded.
Robin roars a battlecry!
You hit Robin.
Robin is heavily wounded.
Robin hits you with a +0 dagger.
* * * LOW HITPOINT WARNING * * *
You are already lashing out.
You hit Robin.
Robin is severely wounded.
Robin hits you with a +0 dagger.
* * * LOW HITPOINT WARNING * * *
You hit Robin.
Robin is severely wounded.
Robin hits you with a +0 dagger.
You die...

#.# #..# #g# #..#
#g# #..# #.# #..#
#g## #..# #g. #..##
#)#
#...##############g#
#..............)@gg#
#|..################
....# ..#.# ..#.#
..#.# ..#.# ###.# #


You could see Robin and 2 hobgoblins.

Vanquished Creatures
  3 dart slugs (D:1)
  A bat (D:1)
  An endoplasm (D:1)
  A giant cockroach (D:1)
  5 goblins (D:2)
  4 hobgoblins (D:1)
  2 jackals (D:1)
  A ball python (D:1)
  2 frilled lizards (D:1)
  A kobold (D:1)
  3 rats (D:1)
24 creatures vanquished.

Vanquished Creatures (others)
  A plant (D:1)
1 creature vanquished.

Grand Total: 25 creatures vanquished

Notes
Turn   | Place    | Note
-------+----------+-------------------------------------------
     0 | D:1      | HDogLeCool the Draconian Monk began the quest for the Orb.
     0 | D:1      | Reached XP level 1. HP: 19/19 MP: 1/1
   133 | D:1      | Found a faded altar of an unknown god.
   143 | D:1      | Reached XP level 2. HP: 22/26 MP: 2/2
   145 | D:1      | Became a worshipper of the Wu Jian Council
   145 | D:1      | Reached * piety under Wu Jian
   145 | D:1      | Reached ** piety under Wu Jian
   486 | D:1      | Reached *** piety under Wu Jian
   602 | D:1      | You are sucked into a shaft and drop 1 floor!
   628 | D:2      | Noticed Robin
   637 | D:2      | Reached XP level 3. HP: 27/31 MP: 3/3
   659 | D:2      | Slain by Robin

Illustrated notes

Levels and vault maps discovered:
D:1:      scummos_arrival_simple_crosswalls, layout_basic,
          chequers_ecumenical_altar_lobes, chequers_garden
D:2:      layout_loops_ring, uniq_robin

Skill      XL: |  1  2 |
---------------+-------+-----
Stealth        | 2 |  2.0
Dodging        | 3 |  3.0
Fighting       | |  3.6
Polearms       | |  3.6

Action                   || total
-------------------------++-------
Melee: Spear             ||    95
       Tailslap          ||    11
Invok: Serpent's Lash    ||     1
 Abil: Wall Jump         ||     1
 Stab: Sleeping          ||     2
Armor: Skin              ||    26
Dodge: Dodged            ||    51

Table legend: (Time is in decaauts)
 A = Elapsed time spent in this place.
 B = Non-inter-level travel time spent in this place.
 C = Inter-level travel time spent in this place.
 D = Time resting spent in this place.
 E = Time spent auto-exploring this place.
 F = Levels seen in this place.
 G = Mean time per level.
                   A        B        C        D        E       F      G
               +--------+--------+--------+--------+--------+-----+--------+
         Total |    652 |    652 |      0 |    107 |    377 |   2 |  326.0 |
       Dungeon |    652 |    652 |      0 |    107 |    377 |   2 |  326.0 |
               +--------+--------+--------+--------+--------+-----+--------+

Top non-repeatable levels by time:
     D:1: 598 daAuts
     D:2: 54 daAuts
